[Event "55th Biel Festival MTO 2022"]
[Site "Biel"]
[Date "2022.07.15"]
[Round "3.13"]
[White "Erdos Viktor"]
[Black "Katz, Alexander"]
[Result "1-0"]
[ECO "B10"]
[WhiteElo "2586"]
[BlackElo "2402"]
[Annotator "ChessBase"]
[PlyCount "61"]
[EventDate "2022.07.13"]
[EventType "swiss"]
[EventCountry "SUI"]
[SourceTitle "playchess.com"]
[Source "ChessBase"]
[SourceQuality "1"]
[TimeControl "40/5400+30:1800+30"]

1. e4 c6 2. c4 d5 3. cxd5 cxd5 4. exd5 Nf6 5. Bb5+ Bd7 6. Bc4 Qc7 7. d3 b5 8. Bb3 Na6 9. Ne2 Qb7 10. Nbc3 b4 11. Ne4 Nxd5 12. Nf4 e6 13. Qh5 Nac7 14. O-O Be7 15. Ng5 g6 16. Qh6 Bf8 17. Qh4 h6 18. Nxd5 Nxd5 19. Qd4 Rg8 20. Ne4 Be7 21. Bxh6 Bc6 22. Rac1 Rd8 23. Qe5 Nb6 24. Bg5 Bxg5 25. Nxg5 Nd7 26. Qf4 Rf8 27. Rfe1 Bd5 28. Rc7 Qb5 29. Bxd5 Qxd5 30. Nh7 g5 31. Qxb4 1-0

[Event "55th Biel Festival MTO 2022"]
[Site "Biel"]
[Date "2022.07.15"]
[Round "3.14"]
[White "Haimovich, Tal"]
[Black "Mendonca Leon Luke"]
[Result "0-1"]
[ECO "D43"]
[WhiteElo "2372"]
[BlackElo "2567"]
[Annotator "ChessBase"]
[PlyCount "126"]
[EventDate "2022.07.13"]
[EventType "swiss"]
[EventCountry "SUI"]
[SourceTitle "playchess.com"]
[Source "ChessBase"]
[SourceQuality "1"]
[TimeControl "40/5400+30:1800+30"]

1. d4 d5 2. c4 e6 3. Nf3 Nf6 4. Nc3 c6 5. Bg5 h6 6. Bxf6 Qxf6 7. Qb3 dxc4 8. Qxc4 Nd7 9. e4 e5 10. d5 Nb6 11. Qb3 Bc5 12. Be2 O-O 13. O-O Bg4 14. a4 a5 15. Rac1 cxd5 16. exd5 Bb4 17. Rfd1 Rac8 18. h3 Bh5 19. Kf1 Rfd8 20. Ne4 Qf4 21. Rxc8 Rxc8 22. Ng3 Bg6 23. Ne1 Bc5 24. Qf3 Nxa4 25. Nd3 Bxd3 26. Rxd3 Nxb2 27. Qxf4 exf4 28. Rb3 fxg3 29. Rxb2 Bxf2 30. Bf3 b6 31. d6 Rd8 32. Rd2 a4 33. d7 a3 34. Bc6 g6 35. Ke2 Bc5 36. Kd3 Kg7 37. Kc4 f5 38. Re2 Kf6 39. Kd5 f4 40. Ke4 g5 41. Kf3 Be3 42. Ra2 Bc1 43. Re2 Bb2 44. Re8 Rxd7 45. Bxd7 a2 46. Ra8 a1=Q 47. Rxa1 Bxa1 48. Ke4 Ke7 49. Bg4 Kd6 50. Kf5 b5 51. h4 gxh4 52. Kxf4 b4 53. Ke3 b3 54. Bd1 Bd4+ 55. Kf3 b2 56. Bc2 Kc5 57. Kg4 Bf6 58. Kf3 Kb4 59. Ke2 Kc3 60. Be4 Bd4 61. Kf3 Kd2 62. Kg4 Bf6 63. Kf3 Kc1 0-1

[Event "55th Biel Festival MTO 2022"]
[Site "Biel"]
[Date "2022.07.15"]
[Round "3.15"]
[White "Azarov Sergei"]
[Black "Song, Julien"]
[Result "1-0"]
[ECO "C43"]
[WhiteElo "2566"]
[BlackElo "2391"]
[Annotator "ChessBase"]
[PlyCount "109"]
[EventDate "2022.07.13"]
[EventType "swiss"]
[EventCountry "SUI"]
[SourceTitle "playchess.com"]
[Source "ChessBase"]
[SourceQuality "1"]
[TimeControl "40/5400+30:1800+30"]

1. e4 e5 2. Nf3 Nf6 3. d4 Nxe4 4. Bd3 Nc6 5. O-O d5 6. dxe5 Bg4 7. Nc3 Nxc3 8. bxc3 Bc5 9. Re1 O-O 10. h3 Bh5 11. Rb1 f6 12. e6 Qd6 13. Be3 Bxe3 14. Rxe3 b6 15. c4 d4 16. Re1 f5 17. Rb5 Ne7 18. Rbe5 c5 19. g4 fxg4 20. Rxh5 g6 21. Qd2 Qf4 22. Qxf4 Rxf4 23. Rh4 Rxf3 24. Be4 Raf8 25. Bxf3 gxf3 26. Ree4 Nf5 27. Rhf4 Re8 28. Rxf3 Re7 29. c3 Kg7 30. a4 dxc3 31. Rxc3 Kf6 32. a5 bxa5 33. Ra3 Nd6 34. Re2 Nxc4 35. Rf3+ Kg7 36. Rc3 Nb6 37. Rxc5 a4 38. Rc3 Nd5 39. Rf3 a5 40. Rd2 Nf6 41. Rd6 g5 42. Rf5 Kg6 43. Rxa5 Nh5 44. h4 gxh4 45. Rxa4 Nf6 46. Rxh4 h5 47. Ra4 Ne8 48. Rc6 Ng7 49. Re4 Kf5 50. Re3 Kf4 51. Kg2 Kg4 52. Rc5 Kf4 53. Rf3+ Kg4 54. Rf7 Nxe6 55. Rc4+ 1-0

[Event "55th Biel Festival MTO 2022"]
[Site "Biel"]
[Date "2022.07.15"]
[Round "3.16"]
[White "Tanmay Chopra"]
[Black "Petrov Martin"]
[Result "1/2-1/2"]
[ECO "E52"]
[WhiteElo "2322"]
[BlackElo "2534"]
[Annotator "ChessBase"]
[PlyCount "48"]
[EventDate "2022.07.13"]
[EventType "swiss"]
[EventCountry "SUI"]
[SourceTitle "playchess.com"]
[Source "ChessBase"]
[SourceQuality "1"]
[TimeControl "40/5400+30:1800+30"]

1. d4 Nf6 2. c4 e6 3. Nc3 Bb4 4. e3 O-O 5. Bd3 d5 6. Nf3 b6 7. O-O Bb7 8. a3 Bxc3 9. bxc3 dxc4 10. Bxc4 c5 11. Bd3 Qc7 12. c4 Nbd7 13. Bb2 Rfd8 14. Nd2 cxd4 15. exd4 Nf8 16. Qe2 Ng6 17. g3 Rac8 18. Rae1 a6 19. f3 b5 20. cxb5 axb5 21. Ne4 Nd5 22. Bxb5 Qb6 23. a4 e5 24. Qf2 f5 1/2-1/2

[Event "55th Biel Festival MTO 2022"]
[Site "Biel"]
[Date "2022.07.15"]
[Round "3.17"]
[White "Schlegel Igor"]
[Black "Muradli Mahammad"]
[Result "0-1"]
[ECO "B53"]
[WhiteElo "2194"]
[BlackElo "2523"]
[Annotator "ChessBase"]
[PlyCount "74"]
[EventDate "2022.07.13"]
[EventType "swiss"]
[EventCountry "SUI"]
[SourceTitle "playchess.com"]
[Source "ChessBase"]
[SourceQuality "1"]
[TimeControl "40/5400+30:1800+30"]

1. e4 c5 2. Nf3 d6 3. d4 cxd4 4. Qxd4 Nf6 5. Be2 Nc6 6. Qe3 Bg4 7. O-O g6 8. Rd1 Nd7 9. Qc3 Bxf3 10. Bxf3 Nce5 11. Be2 Bg7 12. Qh3 O-O 13. Bh6 Bxh6 14. Qxh6 Qb6 15. b3 Nf6 16. Qf4 Qc6 17. Bd3 Rac8 18. Re1 Qb6 19. Na3 Nfd7 20. Qd2 Qc5 21. Nc4 Nxc4 22. Bxc4 Ne5 23. Bd3 Qd4 24. Rad1 Rc3 25. Qg5 Rc7 26. Re3 f6 27. Qh4 Qb2 28. Qh3 Qxa2 29. Qe6+ Kg7 30. h4 Qa5 31. Be2 Nc6 32. Rd5 Qa1+ 33. Kh2 Nb4 34. h5 Nxd5 35. exd5 f5 36. c3 Rf6 37. h6+ Kf8 0-1

[Event "55th Biel Festival MTO 2022"]
[Site "Biel"]
[Date "2022.07.15"]
[Round "3.18"]
[White "Rathanvel V S"]
[Black "Ajay Krishna, S."]
[Result "1/2-1/2"]
[ECO "B23"]
[WhiteElo "2478"]
[BlackElo "2372"]
[Annotator "ChessBase"]
[PlyCount "75"]
[EventDate "2022.07.13"]
[EventType "swiss"]
[EventCountry "SUI"]
[SourceTitle "playchess.com"]
[Source "ChessBase"]
[SourceQuality "1"]
[TimeControl "40/5400+30:1800+30"]

1. e4 c5 2. Nc3 Nc6 3. Nge2 e5 4. Ng3 d6 5. Bc4 Nf6 6. O-O Be7 7. d3 O-O 8. f4 Bg4 9. Qe1 exf4 10. Bxf4 Be6 11. Bg5 Nd4 12. Qd1 Re8 13. Be3 Rc8 14. Nd5 Bxd5 15. Bxd5 Nxd5 16. exd5 Bh4 17. Bxd4 cxd4 18. Nf5 Bf6 19. Rf2 Rc5 20. Qf3 Re5 21. Nxd4 Rcxd5 22. c3 Qe7 23. Raf1 Ra5 24. Qg4 h5 25. Qc8+ Kh7 26. b4 Rad5 27. Nf3 Re6 28. Qc4 Rf5 29. d4 Re3 30. Qc8 g6 31. h4 Kg7 32. Qc4 b5 33. Qc6 Bxh4 34. Nxh4 Rxf2 35. Kxf2 Re2+ 36. Kg1 Qxh4 37. Rxf7+ Kxf7 38. Qf3+ 1/2-1/2

[Event "55th Biel Festival MTO 2022"]
[Site "Biel"]
[Date "2022.07.15"]
[Round "3.19"]
[White "Pavlovic Milos"]
[Black "Papadiamandis, Elliot"]
[Result "1-0"]
[ECO "A22"]
[WhiteElo "2461"]
[BlackElo "2369"]
[Annotator "ChessBase"]
[PlyCount "191"]
[EventDate "2022.07.13"]
[EventType "swiss"]
[EventCountry "SUI"]
[SourceTitle "playchess.com"]
[Source "ChessBase"]
[SourceQuality "1"]
[TimeControl "40/5400+30:1800+30"]

1. c4 e5 2. Nf3 e4 3. Nd4 Nf6 4. Nc3 Nc6 5. Nc2 Ne5 6. d3 exd3 7. exd3 Be7 8. d4 Nc6 9. Bd3 d5 10. cxd5 Nxd5 11. O-O Be6 12. Be4 Qd7 13. Bxd5 Bxd5 14. Ne3 Bxg2 15. Kxg2 Nxd4 16. Ned5 Ne6 17. Nf4 Bd6 18. Nxe6 fxe6 19. Qh5+ g6 20. Qb5 c6 21. Qd3 Qc7 22. Qh3 O-O-O 23. Bg5 Rdf8 24. Nb5 cxb5 25. Rac1 Bc5 26. b4 Qc6+ 27. f3 Rf5 28. Rxc5 Rxc5 29. bxc5 Qd5 30. Bf4 g5 31. Bd6 h5 32. Kg1 Qxa2 33. Be5 Rh7 34. Qg3 Qd2 35. f4 g4 36. Qb3 Rd7 37. Bd6 Qd4+ 38. Rf2 Qa1+ 39. Kg2 h4 40. Ra2 h3+ 41. Kf2 Qh1 42. Qg3 a6 43. Re2 b4 44. Rxe6 Rg7 45. f5 Qd5 46. Re5 Qd4+ 47. Kf1 Qd1+ 48. Re1 Qd5 49. f6 Rg5 50. Kg1 b3 51. Rf1 Rf5 52. Qxg4 Qg2+ 53. Qxg2 hxg2 54. Rb1 Rxf6 55. Rxb3 b5 56. Re3 Kd7 57. Re7+ Kc6 58. Ra7 Rf1+ 59. Kxg2 Ra1 60. h4 b4 61. Rc7+ Kd5 62. Rb7 a5 63. h5 Re1 64. h6 Re6 65. h7 Rh6 66. Bf4 Rh5 67. Be3 b3 68. Rxb3 Rxh7 69. Kf3 Rf7+ 70. Ke2 Kc4 71. Rb6 a4 72. c6 a3 73. Ra6 Kb5 74. Rxa3 Kxc6 75. Kd3 Rh7 76. Kc4 Kd6 77. Bd4 Ke6 78. Rf3 Rf7 79. Rh3 Rf1 80. Rh6+ Kf7 81. Kd5 Ke7 82. Rh7+ Rf7 83. Rh1 Rf5+ 84. Be5 Rf2 85. Rh7+ Rf7 86. Rh8 Rf2 87. Bd6+ Kd7 88. Rh7+ Kc8 89. Kc6 Rc2+ 90. Bc5 Rd2 91. Ra7 Rb2 92. Ra1 Rb3 93. Rf1 Rd3 94. Bb4 Rd4 95. Bd6 Rc4+ 96. Bc5 1-0

[Event "55th Biel Festival MTO 2022"]
[Site "Biel"]
[Date "2022.07.15"]
[Round "3.20"]
[White "Alekseenko Kirill"]
[Black "Marentini, Marcel"]
[Result "1-0"]
[ECO "C42"]
[WhiteElo "2708"]
[BlackElo "2053"]
[Annotator "ChessBase"]
[PlyCount "91"]
[EventDate "2022.07.13"]
[EventType "swiss"]
[EventCountry "SUI"]
[SourceTitle "playchess.com"]
[Source "ChessBase"]
[SourceQuality "1"]
[TimeControl "40/5400+30:1800+30"]

1. e4 e5 2. Nf3 Nf6 3. Nxe5 d6 4. Nf3 Nxe4 5. Nc3 Nxc3 6. dxc3 Be7 7. Be3 Nc6 8. Bd3 Be6 9. Qe2 Qd7 10. O-O-O O-O 11. Kb1 Rae8 12. h3 Bf5 13. Bb5 a6 14. Ne5 Qc8 15. Nxc6 axb5 16. Nxe7+ Rxe7 17. Qxb5 Be4 18. Qg5 Re6 19. Qg4 Qe8 20. Rhe1 f5 21. Qf4 Bxg2 22. Rg1 Be4 23. Bd4 Rf7 24. f3 Bc6 25. c4 b6 26. b3 Qa8 27. Rg3 Qe8 28. Kb2 Rg6 29. Rxg6 hxg6 30. Rg1 Re7 31. h4 Re1 32. Rg5 Rh1 33. Bc3 Qf7 34. Rg2 Rh3 35. Rf2 Qe7 36. h5 Rxh5 37. Qd2 Qg5 38. Qe1 Kf7 39. a4 Rh8 40. Qd1 Re8 41. f4 Qh4 42. Qd4 Qh6 43. a5 Re4 44. Qd2 bxa5 45. Bxa5 Re7 46. Rh2 1-0

[Event "55th Biel Festival MTO 2022"]
[Site "Biel"]
[Date "2022.07.15"]
[Round "3.21"]
[White "Martirosyan Haik M."]
[Black "Ermitsch Magnus"]
[Result "1-0"]
[ECO "D41"]
[WhiteElo "2672"]
[BlackElo "2234"]
[Annotator "ChessBase"]
[PlyCount "89"]
[EventDate "2022.07.13"]
[EventType "swiss"]
[EventCountry "SUI"]
[SourceTitle "playchess.com"]
[Source "ChessBase"]
[SourceQuality "1"]
[TimeControl "40/5400+30:1800+30"]

1. d4 d5 2. c4 e6 3. Nf3 Nf6 4. Nc3 c5 5. cxd5 Nxd5 6. e4 Nxc3 7. bxc3 cxd4 8. cxd4 Bb4+ 9. Bd2 Bxd2+ 10. Qxd2 O-O 11. Bc4 Nd7 12. O-O b6 13. Rad1 Bb7 14. Rfe1 Rc8 15. Bb3 h6 16. Re3 Nf6 17. Qe1 Re8 18. h3 b5 19. d5 exd5 20. e5 Nh5 21. Rd4 g5 22. h4 Re6 23. hxg5 hxg5 24. Rg4 Rg6 25. e6 fxe6 26. Rxe6 Rg7 27. Re5 Qf6 28. Nxg5 Rf8 29. Nh7 Kxh7 30. Rxh5+ Kg8 31. Bxd5+ Bxd5 32. Rxg7+ Kxg7 33. Rxd5 Rf7 34. Rxb5 Re7 35. Qc1 Re2 36. Qg5+ Qxg5 37. Rxg5+ Kf6 38. Ra5 Re7 39. Kh2 Rg7 40. f3 Ke6 41. g4 Kd6 42. Kg3 Kc6 43. g5 Kb6 44. Re5 a5 45. a4 1-0

[Event "55th Biel Festival MTO 2022"]
[Site "Biel"]
[Date "2022.07.15"]
[Round "3.22"]
[White "Raja Harshit"]
[Black "Mamedov Edgar"]
[Result "1-0"]
[ECO "B12"]
[WhiteElo "2477"]
[BlackElo "2227"]
[Annotator "ChessBase"]
[PlyCount "87"]
[EventDate "2022.07.13"]
[EventType "swiss"]
[EventCountry "SUI"]
[SourceTitle "playchess.com"]
[Source "ChessBase"]
[SourceQuality "1"]
[TimeControl "40/5400+30:1800+30"]

1. e4 c6 2. d4 d5 3. f3 dxe4 4. fxe4 e5 5. Nf3 Be6 6. c3 Nd7 7. Nbd2 Ngf6 8. Be2 Bd6 9. Ng5 O-O 10. Nxe6 fxe6 11. Qb3 Qe7 12. O-O b5 13. a4 a6 14. Nf3 Nxe4 15. Bd3 Nef6 16. Bg5 exd4 17. cxd4 Qe8 18. axb5 cxb5 19. Bxb5 axb5 20. Rxa8 Bxh2+ 21. Kxh2 Qxa8 22. Qxe6+ Kh8 23. Bxf6 Nxf6 24. Rc1 Re8 25. Qf5 Qb8+ 26. Kg1 b4 27. Rc6 Qd8 28. Qc5 Qd5 29. Rc8 Rxc8 30. Qxc8+ Qg8 31. Qb7 Qc4 32. Qa8+ Qg8 33. Qa7 Qb3 34. Qa8+ Qg8 35. Qc6 Qd5 36. Qc8+ Qg8 37. Qc5 Qb3 38. Qf8+ Ng8 39. Ne5 Qe3+ 40. Kh2 Qh6+ 41. Kg3 Qe3+ 42. Nf3 Qb3 43. Kh2 Qxb2 44. Ng5 1-0

[Event "55th Biel Festival MTO 2022"]
[Site "Biel"]
[Date "2022.07.15"]
[Round "3.23"]
[White "Kamber Bruno"]
[Black "Licznerski Lukasz"]
[Result "0-1"]
[ECO "B10"]
[WhiteElo "2225"]
[BlackElo "2451"]
[Annotator "ChessBase"]
[PlyCount "68"]
[EventDate "2022.07.13"]
[EventType "swiss"]
[EventCountry "SUI"]
[SourceTitle "playchess.com"]
[Source "ChessBase"]
[SourceQuality "1"]
[TimeControl "40/5400+30:1800+30"]

1. e4 c6 2. Nf3 d5 3. exd5 cxd5 4. Ne5 Nc6 5. Bb5 Bd7 6. Nxd7 Qxd7 7. d4 a6 8. Be2 e6 9. O-O Bd6 10. c3 Qc7 11. g3 Nf6 12. Nd2 b5 13. b4 e5 14. a4 Rb8 15. axb5 axb5 16. dxe5 Nxe5 17. Qb3 O-O 18. Ra5 d4 19. Rxb5 d3 20. Rxb8 dxe2 21. Rxf8+ Kxf8 22. Re1 Nd3 23. Nf3 Qc6 24. Qc2 Qxf3 25. Rxe2 Nxc1 26. Re3 Qh5 27. h4 Nd5 28. Re1 Nxc3 29. Qd2 N1e2+ 30. Kf1 Be7 31. Qd7 g6 32. Ra1 Qf3 33. Qc8+ Kg7 34. Qh3 Ne4 0-1

[Event "55th Biel Festival MTO 2022"]
[Site "Biel"]
[Date "2022.07.15"]
[Round "3.24"]
[White "Mohammad Nubairshah Shaikh"]
[Black "Kittler Thorsten"]
[Result "1-0"]
[ECO "A33"]
[WhiteElo "2445"]
[BlackElo "2226"]
[Annotator "ChessBase"]
[PlyCount "77"]
[EventDate "2022.07.13"]
[EventType "swiss"]
[EventCountry "SUI"]
[SourceTitle "playchess.com"]
[Source "ChessBase"]
[SourceQuality "1"]
[TimeControl "40/5400+30:1800+30"]

1. Nf3 c5 2. g3 Nf6 3. Bg2 Nc6 4. O-O e6 5. c4 Be7 6. d4 cxd4 7. Nxd4 Nxd4 8. Qxd4 O-O 9. Nc3 d6 10. b3 a6 11. Rd1 Qc7 12. Na4 Rd8 13. Qb6 Qxb6 14. Nxb6 Rb8 15. c5 Ne8 16. Bf4 Bf6 17. cxd6 Bxa1 18. d7 e5 19. Rxa1 Bxd7 20. Bxe5 Bc6 21. Bxb8 Bxg2 22. Kxg2 Rxb8 23. Rd1 Nf6 24. f3 Re8 25. e4 g6 26. Rd6 Kg7 27. h4 h6 28. g4 g5 29. h5 Re7 30. Rxf6 Kxf6 31. Nd5+ Ke6 32. Nxe7 Kxe7 33. f4 f6 34. Kf3 Ke6 35. b4 b6 36. a4 a5 37. b5 Kd6 38. e5+ Ke6 39. fxg5 1-0

[Event "55th Biel Festival MTO 2022"]
[Site "Biel"]
[Date "2022.07.15"]
[Round "3.25"]
[White "Asllani Dorian"]
[Black "Gurel Ediz"]
[Result "0-1"]
[ECO "A41"]
[WhiteElo "2220"]
[BlackElo "2435"]
[Annotator "ChessBase"]
[PlyCount "74"]
[EventDate "2022.07.13"]
[EventType "swiss"]
[EventCountry "SUI"]
[SourceTitle "playchess.com"]
[Source "ChessBase"]
[SourceQuality "1"]
[TimeControl "40/5400+30:1800+30"]

1. d4 d6 2. c4 e5 3. d5 f5 4. Nc3 Nf6 5. Bg5 Be7 6. Bxf6 Bxf6 7. e4 O-O 8. Bd3 Na6 9. a3 Nc5 10. Bc2 a5 11. b4 Na6 12. Qb1 f4 13. h3 Qe8 14. Bd1 h5 15. Bf3 Bd7 16. b5 Nc5 17. Qd1 g6 18. Na4 Nxa4 19. Qxa4 c6 20. dxc6 bxc6 21. b6 d5 22. c5 Kg7 23. Rb1 g5 24. Qd1 Rh8 25. Kf1 Rd8 26. b7 Rb8 27. exd5 e4 28. Be2 cxd5 29. Qxd5 Bc6 30. Qf5 Rf8 31. h4 g4 32. Bxg4 hxg4 33. h5 Bb5+ 34. Ne2 f3 35. gxf3 exf3 36. Qxg4+ Kh8 37. Qxf3 Bd4 0-1

[Event "55th Biel Festival MTO 2022"]
[Site "Biel"]
[Date "2022.07.15"]
[Round "3.26"]
[White "Krishna C R G"]
[Black "Mahitosh Dey"]
[Result "1/2-1/2"]
[ECO "A49"]
[WhiteElo "2430"]
[BlackElo "2212"]
[Annotator "ChessBase"]
[PlyCount "25"]
[EventDate "2022.07.13"]
[EventType "swiss"]
[EventCountry "SUI"]
[SourceTitle "playchess.com"]
[Source "ChessBase"]
[SourceQuality "1"]
[TimeControl "40/5400+30:1800+30"]

1. d4 Nf6 2. Nf3 g6 3. g3 Bg7 4. Bg2 O-O 5. O-O d6 6. a4 Nc6 7. Nc3 e5 8. dxe5 dxe5 9. Be3 Bf5 10. Qc1 Qe7 11. h3 Nb4 12. g4 Bd7 13. Bg5 1/2-1/2

[Event "55th Biel Festival MTO 2022"]
[Site "Biel"]
[Date "2022.07.15"]
[Round "3.27"]
[White "Hilby Craig"]
[Black "Li Dominique"]
[Result "1/2-1/2"]
[ECO "A11"]
[WhiteElo "2422"]
[BlackElo "2212"]
[Annotator "ChessBase"]
[PlyCount "56"]
[EventDate "2022.07.13"]
[EventType "swiss"]
[EventCountry "SUI"]
[SourceTitle "playchess.com"]
[Source "ChessBase"]
[SourceQuality "1"]
[TimeControl "40/5400+30:1800+30"]

1. Nf3 d5 2. e3 Nf6 3. c4 c6 4. Nc3 e6 5. b3 Bd6 6. Bb2 e5 7. cxd5 cxd5 8. Nb5 Nc6 9. Nxd6+ Qxd6 10. Qc1 Bg4 11. Bb5 Nd7 12. Ba3 Qf6 13. Bxc6 Qxc6 14. Qb2 f6 15. O-O Bxf3 16. Rfc1 Qe6 17. gxf3 e4 18. Rc7 Qh3 19. fxe4 h5 20. Qc2 Rh6 21. exd5 Kf7 22. Bd6 Rg6+ 23. Bg3 h4 24. d6 hxg3 25. fxg3 Rd8 26. Qc4+ Kf8 27. Rf1 Rxg3+ 28. hxg3 Qxg3+ 1/2-1/2

[Event "55th Biel Festival MTO 2022"]
[Site "Biel"]
[Date "2022.07.15"]
[Round "3.28"]
[White "Vasquez Toledo Cristian"]
[Black "Korley Kassa"]
[Result "1/2-1/2"]
[ECO "D03"]
[WhiteElo "2206"]
[BlackElo "2421"]
[Annotator "ChessBase"]
[PlyCount "71"]
[EventDate "2022.07.13"]
[EventType "swiss"]
[EventCountry "SUI"]
[SourceTitle "playchess.com"]
[Source "ChessBase"]
[SourceQuality "1"]
[TimeControl "40/5400+30:1800+30"]

1. d4 d5 2. Nf3 e6 3. Bf4 Nf6 4. Nbd2 Bd6 5. Bg5 Be7 6. e3 Nbd7 7. Bd3 h6 8. Bh4 b6 9. Ne5 Nxe5 10. dxe5 Nd7 11. Bxe7 Qxe7 12. Qg4 Qg5 13. Qxg5 hxg5 14. f4 gxf4 15. exf4 g5 16. fxg5 Nxe5 17. Nf3 Nxf3+ 18. gxf3 f6 19. Kf2 fxg5 20. Rag1 Ke7 21. Rxg5 Bd7 22. h4 Rh6 23. Rg7+ Kd6 24. h5 Rf8 25. Bg6 e5 26. Kg3 a5 27. Kh4 Rxf3 28. Rg8 Be6 29. Rb8 Bf5 30. Kg5 Bxg6 31. Kxh6 Bxc2 32. Rd8+ Ke6 33. Re8+ Kd6 34. Rd8+ Ke6 35. Re8+ Kd6 36. Rd8+ 1/2-1/2

[Event "55th Biel Festival MTO 2022"]
[Site "Biel"]
[Date "2022.07.15"]
[Round "3.29"]
[White "Dushyant Sharma"]
[Black "Gomez Barrera Javiera Belen"]
[Result "1/2-1/2"]
[ECO "C78"]
[WhiteElo "2416"]
[BlackElo "2210"]
[Annotator "ChessBase"]
[PlyCount "69"]
[EventDate "2022.07.13"]
[EventType "swiss"]
[EventCountry "SUI"]
[SourceTitle "playchess.com"]
[Source "ChessBase"]
[SourceQuality "1"]
[TimeControl "40/5400+30:1800+30"]

1. e4 e5 2. Nf3 Nc6 3. Bb5 a6 4. Ba4 Nf6 5. O-O Bc5 6. c3 b5 7. Bc2 d5 8. d4 dxe4 9. dxc5 exf3 10. Qxf3 Bb7 11. Qg3 Qe7 12. b4 a5 13. Re1 O-O 14. Bg5 Qe6 15. Na3 axb4 16. Nxb5 Rac8 17. Re3 h6 18. Bb3 Qf5 19. Bxh6 Nh5 20. Qg5 Qxg5 21. Bxg5 bxc3 22. Nxc3 Nd4 23. Rb1 Nxb3 24. Rxb3 Bc6 25. f3 f6 26. Bh4 Nf4 27. Bg3 Ne6 28. Ne2 Ra8 29. Ra3 Bb5 30. Rxa8 Rxa8 31. Nc3 Bc4 32. a4 Nxc5 33. f4 exf4 34. Bxf4 Nxa4 35. Bxc7 1/2-1/2

[Event "55th Biel Festival MTO 2022"]
[Site "Biel"]
[Date "2022.07.15"]
[Round "3.30"]
[White "Peyrer, Konstantin"]
[Black "Ludwig Peter"]
[Result "1-0"]
[ECO "E12"]
[WhiteElo "2406"]
[BlackElo "2163"]
[Annotator "ChessBase"]
[PlyCount "49"]
[EventDate "2022.07.13"]
[EventType "swiss"]
[EventCountry "SUI"]
[SourceTitle "playchess.com"]
[Source "ChessBase"]
[SourceQuality "1"]
[TimeControl "40/5400+30:1800+30"]

1. d4 Nf6 2. c4 e6 3. Nf3 b6 4. a3 Bb7 5. Nc3 d5 6. Qc2 Nbd7 7. cxd5 exd5 8. Bf4 c6 9. e3 Be7 10. Bd3 Nf8 11. h3 Ne6 12. Be5 h6 13. Bf5 O-O 14. g4 Nd7 15. Bg3 c5 16. Nb5 Ng5 17. Nxg5 hxg5 18. h4 g6 19. Bxg6 gxh4 20. Bc7 Qc8 21. Bd6 Qd8 22. Qf5 fxg6 23. Qxg6+ Kh8 24. Qh6+ Kg8 25. g5 1-0

[Event "55th Biel Festival MTO 2022"]
[Site "Biel"]
[Date "2022.07.15"]
[Round "3.31"]
[White "Stijve, Theo"]
[Black "Kornitzky Tino"]
[Result "1-0"]
[ECO "D37"]
[WhiteElo "2394"]
[BlackElo "2141"]
[Annotator "ChessBase"]
[PlyCount "44"]
[EventDate "2022.07.13"]
[EventType "swiss"]
[EventCountry "SUI"]
[SourceTitle "playchess.com"]
[Source "ChessBase"]
[SourceQuality "1"]
[TimeControl "40/5400+30:1800+30"]

1. d4 Nf6 2. c4 e6 3. Nf3 d5 4. Nc3 Nbd7 5. Bf4 dxc4 6. e3 Nb6 7. Bxc4 Nxc4 8. Qa4+ c6 9. Qxc4 Nd5 10. Bg3 Qb6 11. Qe2 Qa5 12. O-O Nxc3 13. bxc3 b6 14. Ne5 Bb7 15. Qh5 g6 16. Qf3 f5 17. e4 Bg7 18. Nc4 Qa6 19. Nd6+ Kd7 20. exf5 gxf5 21. Nxf5 Rhf8 22. Qf4 Rxf5 1-0

[Event "55th Biel Festival MTO 2022"]
[Site "Biel"]
[Date "2022.07.15"]
[Round "3.32"]
[White "Aziz, Husain"]
[Black "Popiol Michal"]
[Result "1-0"]
[ECO "E97"]
[WhiteElo "2380"]
[BlackElo "2118"]
[Annotator "ChessBase"]
[PlyCount "101"]
[EventDate "2022.07.13"]
[EventType "swiss"]
[EventCountry "SUI"]
[SourceTitle "playchess.com"]
[Source "ChessBase"]
[SourceQuality "1"]
[TimeControl "40/5400+30:1800+30"]

1. d4 Nf6 2. c4 g6 3. Nc3 Bg7 4. e4 d6 5. Nf3 O-O 6. Be2 e5 7. O-O Nc6 8. d5 Ne7 9. b4 a5 10. bxa5 Rxa5 11. a4 b6 12. Bd2 Ra8 13. Ra3 h6 14. Qc1 Kh7 15. a5 bxa5 16. Qc2 Ne8 17. Rfa1 f5 18. Bd3 c6 19. dxc6 Nxc6 20. Nd5 Be6 21. h4 f4 22. Qa4 Bd7 23. Qd1 g5 24. hxg5 hxg5 25. Nh2 Nf6 26. Be2 Kg8 27. Nxf6+ Rxf6 28. Bg4 Be8 29. Bf5 Nd4 30. Bxa5 Qe7 31. Ng4 Rf8 32. Bb4 Rxa3 33. Rxa3 Bf7 34. Rh3 Rb8 35. Bc3 Bxc4 36. Bxd4 exd4 37. Rh7 d3 38. Bg6 Qe6 39. Bf5 Qe7 40. Bg6 Qe6 41. Rxg7+ Kxg7 42. Bf5 Qe7 43. Qa1+ Kf8 44. Qh8+ Bg8 45. Qh6+ Ke8 46. Nf6+ Kd8 47. Nxg8 d2 48. Nxe7 d1=Q+ 49. Kh2 Kxe7 50. Qg7+ Ke8 51. Qg8+ 1-0

[Event "55th Biel Festival MTO 2022"]
[Site "Biel"]
[Date "2022.07.15"]
[Round "3.33"]
[White "Seul, Georg"]
[Black "Giacomini Hector"]
[Result "1-0"]
[ECO "B12"]
[WhiteElo "2367"]
[BlackElo "2091"]
[Annotator "ChessBase"]
[PlyCount "85"]
[EventDate "2022.07.13"]
[EventType "swiss"]
[EventCountry "SUI"]
[SourceTitle "playchess.com"]
[Source "ChessBase"]
[SourceQuality "1"]
[TimeControl "40/5400+30:1800+30"]

1. e4 c6 2. d4 d5 3. e5 c5 4. dxc5 e6 5. a3 Nc6 6. Nf3 Bxc5 7. b4 Bb6 8. Bb2 Nge7 9. Bd3 Ng6 10. b5 Na5 11. h4 Nc4 12. Bxc4 dxc4 13. Qxd8+ Kxd8 14. h5 Nf4 15. h6 gxh6 16. Nc3 Nxg2+ 17. Kf1 Nf4 18. Rd1+ Nd5 19. Rxh6 Ke8 20. Ne4 Bd7 21. a4 a6 22. Rxd5 exd5 23. Nf6+ Kd8 24. Nxd7 Kxd7 25. Rxb6 Kc7 26. Rf6 axb5 27. Rxf7+ Kb6 28. axb5 Ra2 29. Bd4+ Kxb5 30. Rxb7+ Kc6 31. Rb6+ Kc7 32. c3 h5 33. Kg2 Rg8+ 34. Kh2 Raa8 35. Rf6 Raf8 36. Bc5 Re8 37. e6 Rg4 38. Nd4 Reg8 39. Rf7+ Kc8 40. Nf3 Re4 41. e7 Re8 42. Rf5 d4 43. Nxd4 1-0

[Event "55th Biel Festival MTO 2022"]
[Site "Biel"]
[Date "2022.07.15"]
[Round "3.34"]
[White "Roe Simon J"]
[Black "Herrera Reyes, Jose Antonio"]
[Result "0-1"]
[ECO "A30"]
[WhiteElo "2170"]
[BlackElo "2345"]
[Annotator "ChessBase"]
[PlyCount "88"]
[EventDate "2022.07.13"]
[EventType "swiss"]
[EventCountry "SUI"]
[SourceTitle "playchess.com"]
[Source "ChessBase"]
[SourceQuality "1"]
[TimeControl "40/5400+30:1800+30"]

1. c4 c5 2. Nf3 b6 3. g3 Bb7 4. Bg2 e6 5. O-O Nf6 6. Nc3 a6 7. Re1 Qc7 8. e4 d6 9. d4 cxd4 10. Nxd4 Be7 11. Be3 Nbd7 12. Rc1 Rc8 13. f4 Qb8 14. Nd5 Bd8 15. e5 exd5 16. exf6 Bxf6 17. Bf2+ Kf8 18. cxd5 Rxc1 19. Qxc1 Nc5 20. Qc2 a5 21. Nc6 Qc8 22. Qd2 h5 23. h4 Qf5 24. b4 Nd3 25. Re4 Nxf2 26. Qxf2 axb4 27. Qxb6 Bc8 28. Qxb4 Qd7 29. Ne5 Qd8 30. Nc4 Bf5 31. Re1 Bd4+ 32. Kh2 Bc5 33. Qb5 Rh6 34. Ne3 Bd7 35. Qd3 Rg6 36. Be4 Qa5 37. Nc2 Rf6 38. Rb1 g6 39. Rb8+ Kg7 40. Rb7 Bc8 41. Rb5 Qa4 42. Rb2 Qd7 43. Qf1 Qe7 44. Qd3 Rxf4 0-1